 Dungeon Crawl Stone Soup version 0.28-a0-1087-gf3fc490d9d (webtiles) character file.

Game seed: 18406329699975052779

187 SensoryNuts the Skirmisher (level 5, -5/41 HPs)
             Began as a Vampire Fighter on Dec 11, 2021.
             Slain by a troll (10 damage)
             ... on level 6 of the Dungeon.
             The game lasted 00:03:49 (2578 turns).

SensoryNuts the Skirmisher (Vampire Fighter)        Turns: 2578, Time: 00:03:50

Health: -5/41      AC:  8    Str: 17    XL:     5   Next: 39%
Magic:  0/5        EV:  9    Int: 11    God:
Gold:   62         SH:  4    Dex: 13    Spells: 4/4 levels left

rFire   + . .      SeeInvis +   a - +0 long sword
rCold   x . .      Faith    .   c - +0 buckler
rNeg    . . .      Spirit   +   b - +0 scale mail
rPois   .          Reflect  .   (no helmet)
rElec   .          Harm     .   r - +0 cloak
rCorr   .          Rampage  .   (no gloves)
Will    .....                   (no boots)
Stlth   ..........              h - amulet of guardian spirit
HPRegen 0.33/turn               l - ring of fire
MPRegen 0.09/turn               (no ring)

@: healing quickly
A: alive, fangs 3, see invisible, vampiric 2
a: Exsanguinate


You were on level 6 of the Dungeon.
You visited 1 branch of the dungeon, and saw 5 of its levels.

You collected 62 gold pieces.

Inventory:

Hand Weapons
 a - a +0 long sword (weapon)
 n - a +0 spear
Armour
 b - a +0 scale mail (worn)
 c - a +0 buckler (worn)
 r - a +0 cloak (worn)
Magical Staves
 j - a staff of conjuration
Jewellery
 h - an amulet of guardian spirit (around neck)
 l - a ring of fire (left hand)
 m - a +4 ring of evasion
Scrolls
 e - a scroll of holy word {unknown}
 f - 5 scrolls of identify {unknown}
 g - a scroll of amnesia {unknown}
 i - 2 scrolls of fog {unknown}
 k - a scroll of blinking {unknown}
Potions
 d - a potion of might
 o - a potion of lignification {unknown}
 p - a potion of heal wounds {unknown}
 q - a potion of brilliance {unknown}


   Skills:
 + Level 3.5 Fighting
 + Level 3.4 Long Blades
 + Level 3.3 Armour
 + Level 1.0 Dodging
 + Level 3.2 Shields


You had 4 spell levels left.
You didn't know any spells.
Your spell library contained the following spells:

 Spells                   Type           Power      Damage    Failure   Level
 Slow                     Hex            0%         N/A       78%         1
 Passwall                 Tmut/Erth      0%         N/A       89%         2
 Confusing Touch          Hex            0%         N/A       98%         3
 Swiftness                Air            0%         N/A       98%         3
 Vampiric Draining        Necr           0%         2d6       98%         3
 Hailstorm                Conj/Ice       0%         3d3       100%        4
 Ice Form                 Ice/Tmut       0%         N/A       100%        4
 Simulacrum               Ice/Necr       0%         N/A       100%        6


Dungeon Overview and Level Annotations

Branches:
Dungeon (6/15)
 Temple: D:4-7

Altars:


Innate Abilities, Weirdness & Mutations

Your natural rate of healing is accelerated.
You have razor-sharp teeth.
You have supernaturally acute eyesight. (SInv)
You are afflicted with vampirism and can become a bat while bloodless.


Message History

A sky beast comes into view.
You block the troll's attack. x2; The troll claws you.
The hound barely misses you. The hound closely misses you.
The troll closely misses you. x2
The troll claws you. The hound bites you but does no damage.
The hound barely misses you.
There is a stone staircase leading down here.
The hound bites you but does no damage.
The sky beast flickers out of sight for a moment.
The troll bites you. The troll closely misses you. The troll claws you.
You climb downwards.
Found 14 gold pieces and a scroll labelled MUPOUD VUTHAO.
There is a stone staircase leading up here.
The hound bites you but does no damage. The hound closely misses you.
The troll bites you! You block the troll's attack. x2
You climb upwards.
You block the sky beast's attack.
There is a stone staircase leading down here.
The hound misses you. The sky beast barely misses you.
You block the troll's attack. The troll claws you but does no damage.
The troll claws you.
You climb downwards.
There is a stone staircase leading up here.
The hound bites you but does no damage.
The sky beast hits you but does no damage.
The hound completely misses you. You block the troll's attack.
The troll misses you. The troll claws you but does no damage.
You climb upwards.
There is a stone staircase leading down, spattered with blood here.
You block the hound's attack.
The sky beast hits you but does no damage.
The troll bites you!
* * * LOW HITPOINT WARNING * * *
The troll closely misses you. The troll barely misses you.
You climb downwards.
There is a stone staircase leading up here.
The hound bites you but does no damage. You block the sky beast's attack.
You block the hound's attack. The troll bites you.
* * * LOW HITPOINT WARNING * * *
The troll claws you!
You die...

### # #.. .#
##+#.##.###.
#...........
#..T........
#...@.......
#..Yh.......
#..........$
#.....#+###.
#......
..?.....
#########


You could see a troll, a sky beast and a hound.

Vanquished Creatures
  Robin (D:2)
  6 adders
  4 gnolls (D:2)
  2 worms
  A dart slug (D:3)
  An orc (D:3)
  6 ball pythons
  2 bats
  5 endoplasms
  3 giant cockroaches (D:3)
  7 goblins
  14 hobgoblins
  2 jackals (D:3)
  4 kobolds
  2 quokkas
  5 frilled lizards
  11 rats
76 creatures vanquished.

Notes
Turn   | Place    | Note
-------+----------+-------------------------------------------
     0 | D:1      | SensoryNuts the Vampire Fighter began the quest for the
                  | Orb.
     0 | D:1      | Reached XP level 1. HP: 17/17 MP: 1/1
    80 | D:1      | Reached XP level 2. HP: 20/23 MP: 2/2
   811 | D:2      | Noticed Robin
   844 | D:2      | Gained mutation: You are afflicted with vampirism and can
                  | become a bat while bloodless. [Vampire growth]
   844 | D:2      | Reached XP level 3. HP: 22/29 MP: 3/3
   851 | D:2      | Killed Robin
  1022 | D:2      | Reached XP level 4. HP: 20/35 MP: 1/4
  1796 | D:3      | Reached XP level 5. HP: 41/41 MP: 5/5
  1899 | D:3      | Found a glowing drain.
  2270 | D:3      | Reached skill level 1 in Dodging
  2562 | D:3      | You fall into a shaft and drop 2 floors!
  2562 | D:5      | Entered Level 5 of the Dungeon
  2562 | D:5      | Noticed a troll
  2563 | D:5      | Noticed a sky beast
  2578 | D:6      | Slain by a troll

Illustrated notes

Levels and vault maps discovered:
D:1:      lemuel_arrival_river_ford, layout_basic
D:2:      minmay_wonky_spiral, layout_loops_ring, uniq_robin
D:3:      layout_basic, gup_sewer_entry_glass,
          dilly_ecumenical_altar_fadedgnrine, glass_columns_b, nrook_uturn
D:5:      layout_loops_ring, okawaru_altar_gauntlet_db,
          minmay_temple_entry_butterflies, uniq_duvessa, uniq_sigmund,
          uniq_prince_ribbit1, uniq_grinder
D:6:      cheibrodos_two_vegetables, layout_basic, serial_shops,
          nicolae_shop_advertising_works [nicolae_subvault_shop_adworks],
          uniq_crazy_yiuf_cottage

Skill      XL: |  1  2  3  4  5 |
---------------+----------------+-----
Fighting       | 3 |  3.5
Shields        | 3 |  3.2
Long Blades    | 3 |  3.4
Armour         | 3 |  3.3
Dodging        | 1 |  1.0

Action                   |  1- 3 |  4- 6 || total
-------------------------+-------+-------++-------
Melee: Long sword        |    87 |   122 ||   209
       Bite              |    12 |     9 ||    21
  Use: Potion            |     1 |       ||     1
Armor: Scale mail        |    46 |    68 ||   114
Dodge: Dodged            |    27 |    73 ||   100
Block: Buckler           |    17 |    38 ||    55

Table legend: (Time is in decaauts)
 A = Elapsed time spent in this place.
 B = Non-inter-level travel time spent in this place.
 C = Inter-level travel time spent in this place.
 D = Time resting spent in this place.
 E = Time spent auto-exploring this place.
 F = Levels seen in this place.
 G = Mean time per level.
                   A        B        C        D        E       F      G
               +--------+--------+--------+--------+--------+-----+--------+
         Total |   2647 |   2647 |      0 |      0 |   1946 |   5 |  529.4 |
       Dungeon |   2647 |   2647 |      0 |      0 |   1946 |   5 |  529.4 |
               +--------+--------+--------+--------+--------+-----+--------+

Top non-repeatable levels by time:
     D:3: 910 daAuts
     D:2: 903 daAuts
     D:1: 816 daAuts
     D:5: 11 daAuts
     D:6: 5 daAuts
